 Dungeon Crawl Stone Soup version 0.30.1-4-g462c640d31 (webtiles) character file.

Game seed: 2344797314123858572

12 Kranky the Firebug (level 2, -2/19 HPs)
             Began as a Formicid Wanderer on Sept 8, 2023.
             Slain by a kobold
             ... wielding a +0 dagger of electrocution
              (18 damage)
             ... on level 1 of the Dungeon.
             The game lasted 00:00:56 (537 turns).

Kranky the Firebug (Formicid Wanderer)               Turns: 537, Time: 00:00:56

Health: -2/19      AC:  9    Str: 13    XL:     2   Next: 45%
Magic:  5/5        EV:  6    Int: 13    God:
Gold:   11         SH:  0    Dex: 14    Spells: 4/5 levels left

rFire   . . .        k - +0 spear
rCold   . . .        (no shield)
rNeg    . . .        f - +0 chain mail
rPois   .            (helmet unavailable)
rElec   .            d - +0 cloak
rCorr   .            (no gloves)
SInv    +            (no boots)
Will    .....        (no amulet) Stlth
                     (no ring)
HPRegen 0.23/turn    (no ring)
MPRegen 0.09/turn

%: no passive effects
@: no status effects
A: permanent stasis, dig shafts and tunnels, antennae 3, four strong arms
a: Dig, Shaft Self


You were on level 1 of the Dungeon.
You visited 1 branch of the dungeon, and saw 1 of its levels.

You collected 11 gold pieces.

Inventory:

Hand Weapons
 a - a +0 dagger
 k - a +0 spear (weapon)
Armour
 c - a +0 robe
 d - a +0 cloak (worn)
 e - a +0 ring mail
 f - a +0 chain mail (worn)
Scrolls
 b - a scroll of fear
 g - a scroll of noise {unknown}
 h - a scroll of magic mapping {unknown}
 l - a scroll of acquirement {unknown}
Potions
 i - a potion of haste {unknown}
 j - a potion of curing {unknown}


   Skills:
 + Level 1.7 Stealth
 + Level 2.3 Spellcasting
 + Level 1.3 Necromancy
 + Level 4.1 Fire Magic
 + Level 2.4 Evocations


You had 4 spell levels left.
You knew the following spells:

 Your Spells              Type           Power      Damage    Failure   Level
a - Foxfire               Conj/Fire      24%        2x1d5     95%         1

Your spell library contained the following spells:

 Spells                   Type           Power      Damage    Failure   Level
 Sublimation of Blood     Necr           4%         N/A       99%         2
 Cigotuvi's Dreadful Rot  Necr/Pois/Air  4%         N/A       100%        2
 Inner Flame              Hex/Fire       6%         N/A       100%        3
 Volatile Blastmotes      Fire/Tloc      12%        2d11      100%        3


Dungeon Overview and Level Annotations

Branches:
Dungeon (1/15)

Altars:


Innate Abilities, Weirdness & Mutations

You cannot be hasted, slowed, berserked, paralysed or teleported.
You can dig through walls and to a lower floor.
You have a pair of large antennae on your head. (SInv)
Your four strong arms can wield two-handed weapons with a shield.


Message History

You barely miss the jackal. The jackal bites you.
You barely miss the jackal.
The jackal bites you but does no damage.
You miss the jackal.
A kobold comes into view.
It is wielding a +0 dagger of electrocution.
The jackal barely misses you.
You closely miss the jackal. The jackal completely misses you.
The jackal bites you but does no damage.
You closely miss the jackal.
The jackal bites you but does no damage.
You closely miss the jackal.
The jackal bites you but does no damage. x2
You hit the jackal but do no damage.
The jackal bites you but does no damage.
You barely miss the jackal.
The jackal bites you but does no damage. x2
You hit the jackal.
You kill the jackal!
You closely miss the jackal.
The jackal bites you but does no damage. x2
You hit the jackal but do no damage.
The jackal bites you but does no damage.
You hit the jackal but do no damage.
The jackal bites you but does no damage.
The jackal closely misses you.
You closely miss the jackal.
The jackal bites you but does no damage. x2
You barely miss the jackal. The jackal barely misses you.
You hit the jackal.
You kill the jackal!
The kobold hits you with a +0 dagger of electrocution.
You hit the kobold.
The kobold is severely wounded.
The kobold barely misses you.
You hit the kobold but do no damage.
The kobold is severely wounded.
The kobold hits you with a +0 dagger of electrocution.
You are electrocuted!!
Ouch! That really hurt!
You die...

......### ..###.#
.# ### #.# ##. #
#>######.. ... #
#......... ... #
#รท.# #!# # #..#
#.# #####..####
#K# ..........#
#@# .####..##.#
#.# .# #.....# #.#
.#####.##.## #.#
.......#...#####.#
.................#
.#######...#######
.# ##.## .# #.#


You could see a kobold.

Vanquished Creatures
  A ball python (D:1)
  2 endoplasms (D:1)
  A giant cockroach (D:1)
  A hobgoblin (D:1)
  2 jackals (D:1)
  A kobold (D:1)
  A bat (D:1)
  A rat (D:1)
10 creatures vanquished.

Notes
Turn   | Place    | Note
-------+----------+-------------------------------------------
     0 | D:1      | Kranky the Formicid Wanderer began the quest for the Orb.
     0 | D:1      | Kranky set off with the following items: a +0 dagger, a
                  | scroll of fear, a +0 robe, a +0 cloak; and the following
                  | spell memorised: Foxfire; and the following spells
                  | available to memorise: Sublimation of Blood, Cigotuvi's
                  | Dreadful Rot, Inner Flame, Volatile Blastmotes.
     0 | D:1      | Reached XP level 1. HP: 13/13 MP: 3/3
   361 | D:1      | Reached XP level 2. HP: 9/19 MP: 5/5
   537 | D:1      | Slain by a kobold

Illustrated notes

Levels and vault maps discovered:
D:1:      saegor_arrival_simple_c, layout_loops_ring, nrook_loot_triangle

Action                     || total
---------------------------++-------
  Melee: Dagger            ||    26
         Punch             ||     1
         Spear             ||    27
   Stab: Sleeping          ||     2
 Armour: Chain mail        ||    23
         Robe              ||     2
  Dodge: Dodged            ||    20
